 Dungeon Crawl Stone Soup version 0.31-a0-339-gda1cbd555d (webtiles) character file.

Game seed: 747179923933969392

75 avis the Chopper (level 4, -3/39 HPs)
             Began as a Hill Orc Monk on July 20, 2023.
             Slain by an iguana (9 damage)
             ... on level 3 of the Dungeon.
             The game lasted 00:08:05 (1680 turns).

avis the Chopper (Hill Orc Monk)                    Turns: 1680, Time: 00:08:05

Health: -3/39      AC:  6    Str: 15    XL:     4   Next: 31%
Magic:  4/4        EV: 11    Int: 10    God:
Gold:   127        SH:  0    Dex: 13    Spells: 3/3 levels left

rFire   . . .        a - +0 battleaxe
rCold   . . .        (shield currently unavailable)
rNeg    . . .        e - +0 ring mail
rPois   .            (no helmet)
rElec   .            (no cloak)
rCorr   .            v - +0 pair of gloves
SInv    .            (no boots)
Will    .....        (no amulet)
Stlth   +            (no ring)
HPRegen 0.26/turn    (no ring)
MPRegen 0.09/turn

%: no passive effects
@: no status effects
A: no striking features
a: no special abilities


You were on level 3 of the Dungeon.
You visited 1 branch of the dungeon, and saw 3 of its levels.

You collected 127 gold pieces.

Inventory:

Hand Weapons
 a - a +0 battleaxe (weapon)
 b - a +0 sling
 k - a +0 hand axe
 u - a +0 spear
 z - a +2 dagger of speed
Missiles
 g - 2 poisoned darts
Armour
 d - an orb of light
 e - a +0 ring mail (worn)
 s - a +0 plate armour
 v - a +0 pair of gloves (worn)
Magical Staves
 i - a staff of cold
Talismans
 h - a maw talisman
Scrolls
 f - a scroll of teleportation {unknown}
 j - a scroll of immolation {unknown}
 l - a scroll of enchant weapon {unknown}
 n - a scroll of fear {unknown}
 o - a scroll of noise {unknown}
 p - a scroll of identify {unknown}
 x - a scroll of vulnerability {unknown}
 y - a scroll of blinking {unknown}
Potions
 c - a potion of ambrosia
 m - a potion of might {unknown}
 q - 3 potions of curing {unknown}
 r - a potion of enlightenment {unknown}
 t - a potion of lignification {unknown}
 w - a potion of brilliance {unknown}


   Skills:
 - Level 3.6 Fighting
 * Level 6.6 Axes
 - Level 2.4 Dodging


You had 3 spell levels left.
You didn't know any spells.
Your spell library was empty.

Dungeon Overview and Level Annotations

Branches:
Dungeon (3/15)

Altars:


Message History

You kill the kobold!
The bat closely misses you. The bat hits you but does no damage.
The bat barely misses you. The hobgoblin closely misses you.
You climb upwards.
There is a stone staircase leading down here.
You hit the hobgoblin.
The hobgoblin is heavily wounded.
The hobgoblin hits you. The hobgoblin barely misses you.
You slash the hobgoblin!
You kill the hobgoblin!
You start resting.
HP restored.
You climb downwards.
The iguana bites you but does no damage.
The iguana bites you!
There is a stone staircase leading up here.
You hit the iguana but do no damage. The bat barely misses you.
The iguana barely misses you.
You hit the iguana.
The iguana is moderately wounded.
You hit the bat.
You kill the bat!
The iguana bites you!
The iguana bites you but does no damage.
You closely miss the iguana.
The iguana is moderately wounded.
The iguana bites you.
You hit the iguana but do no damage.
The iguana is moderately wounded.
The iguana bites you!
* * * LOW HITPOINT WARNING * * *
You barely miss the iguana.
The iguana is moderately wounded.
The iguana barely misses you. The iguana bites you.
* * * LOW HITPOINT WARNING * * *
You hit the iguana.
The iguana is heavily wounded.
The iguana bites you!
You die...

#### .... .....
.....## ##
.......####.<
........... #
##....†.†##...#
#......@....#
..>....(l..##
...........#
...........#
............#
#....#........
#..............
?.[...........#


You could see an iguana.

Vanquished Creatures
  Natasha (D:3)
  2 adders (D:2)
  An endoplasm (D:2)
  2 giant cockroaches
  2 goblins
  6 hobgoblins
  A quokka (D:1)
  5 ball pythons (D:2)
  A bat (D:3)
  2 frilled lizards (D:1)
  5 kobolds
  6 rats
34 creatures vanquished.

Notes
Turn   | Place    | Note
-------+----------+-------------------------------------------
     0 | D:1      | avis the Hill Orc Monk began the quest for the Orb.
     0 | D:1      | Reached XP level 1. HP: 19/19 MP: 1/1
   341 | D:1      | Reached XP level 2. HP: 26/26 MP: 2/2
   480 | D:1      | Found a faded altar of an unknown god.
   531 | D:1      | Reached skill level 5 in Axes
   803 | D:2      | Reached XP level 3. HP: 29/31 MP: 3/3
  1295 | D:2      | Reached skill level 6 in Axes
  1612 | D:3      | Noticed Natasha
  1650 | D:3      | Killed Natasha
  1651 | D:3      | Reached XP level 4. HP: 37/39 MP: 4/4
  1680 | D:3      | Slain by an iguana

Illustrated notes

Levels and vault maps discovered:
D:1:      dpeg_arrival_arbitrary_c, layout_basic,
          shapermc_ecumenical_altar_starsandcircs
D:2:      layout_loops_cross, minmay_misc_feat_encased
D:3:      layout_rooms, zin_purify, nicolae_eternal_life,
          uniq_crazy_yiuf_cottage, uniq_terence, uniq_natasha, uniq_pargi

Skill      XL: |  1  2  3 |
---------------+----------+-----
Axes           | 5 6 |  6.6
Fighting       | |  3.6
Dodging        | |  2.4

Action                     |  1- 3 |  4- 6 || total
---------------------------+-------+-------++-------
  Melee: Battleaxe         |    95 |     9 ||   104
         Dagger            |     2 |       ||     2
         Hand axe          |     1 |       ||     1
 Armour: Scale mail        |     3 |       ||     3
         Ring mail         |    30 |     3 ||    33
  Dodge: Dodged            |    76 |     7 ||    83

Table legend: (Time is in decaauts)
 A = Elapsed time spent in this place.
 B = Non-inter-level travel time spent in this place.
 C = Inter-level travel time spent in this place.
 D = Time resting spent in this place.
 E = Time spent auto-exploring this place.
 F = Levels seen in this place.
 G = Mean time per level.
                   A        B        C        D        E       F      G
               +--------+--------+--------+--------+--------+-----+--------+
         Total |   1724 |   1544 |    180 |     45 |   1039 |   3 |  574.7 |
       Dungeon |   1724 |   1544 |    180 |     45 |   1039 |   3 |  574.7 |
               +--------+--------+--------+--------+--------+-----+--------+

Top non-repeatable levels by time:
     D:2: 884 daAuts
     D:1: 819 daAuts
     D:3: 20 daAuts
